 Dungeon Sprint DCSS version 0.28.0-53-g5a82cb258f (webtiles) character file.

Game seed: 11014351970183857499

1500000 Zeld the Acrobat (level 15, 0/171 HPs)
             Began as a Djinni Monk on June 5, 2022.
             Was an Elder of Makhleb.
             Slain by a bag of meat
             ... wielding a +9 war axe
              (27 damage)
             ... in the Dungeon (Sprint VIII: "Arena of Blood").
             The game lasted 00:00:26 (15 turns).

Zeld the Acrobat (Djinni Monk)                        Turns: 15, Time: 00:00:27

Health: 0/171      AC: 25    Str: 16    XL:     15   Next: 42%
Gold:   0          EV: 25    Int: 13    God:    Makhleb [****..] SH:  0 Dex: 16

rFire   + + .      SeeInvis .   g - +∞ Axe of Woe
rCold   x . .      Faith    .   (shield currently unavailable)
rNeg    + . .      Spirit   .   (armour currently unavailable)
rPois   ∞          Reflect  .   (no helmet)
rElec   +          Harm     .   (no cloak)
rCorr   .          Rampage  .   (gloves currently unavailable)
Will    +....      NoTele   +   (boots unavailable)
Stlth   ++........              (no amulet)
HPRegen 0.38/turn               (no ring)
MPRegen 0.00/turn               (no ring)

@: statue-form, flying, very slightly contaminated, very slow
A: slow and powerful, torment resistance 1, flying, boosted hp, sickness
immunity, fire resistance 2, cold vulnerability 1, float, innate caster, HP
casting, extra vitality 1
a: End Transformation, Renounce Religion, Minor Destruction, Lesser Servant of
Makhleb, Major Destruction


You were in the Dungeon.
You worshipped Makhleb.
Makhleb was greatly pleased with you.
You were a living statue of rough stone.
You visited 1 branch

Inventory:

Hand Weapons
 g - the +∞ Axe of Woe (weapon)
   (You found it in the Dungeon)
Armour
 a - a +0 robe (melded)
Scrolls
 f - a scroll of blinking
Potions
 b - a potion of curing
 c - a potion of heal wounds
 d - a potion of haste
 e - a potion of berserk rage


   Skills:
 + Level 20.7 Fighting
 * Level 15.1 Axes
 + Level 22.3 Dodging
 - Level 1.5 Stealth
 - Level 3.0 Unarmed Combat
 * Level 14.4 Spellcasting
 * Level 18.2 Invocations


You had 18 spell levels left.
You knew the following spells:

 Your Spells              Type           Power      Damage    Failure   Level
a - Foxfire               Conj/Fire      100%       2x1d9     1%          1
b - Wereblood             Tmut           46%        N/A       1%          2
c - Passwall              Tmut/Erth      38%        N/A       1%          2
d - Animate Dead          Necr           23%        N/A       1%          4
e - Sticky Flame          Conj/Fire      46%        2d6       1%          4
f - Irradiate             Conj/Tmut      23%        3d21      1%          5
g - Statue Form           Tmut/Erth      30%        N/A       3%          6
Your spell library was empty.

Dungeon Overview and Level Annotations

Branches:
Dungeon (1/1)

Altars:
Makhleb


Innate Abilities, Weirdness & Mutations

You are a living statue of rough stone.
Your actions are slow, but your melee attacks are powerful.
You are resistant to unholy torment.
You are flying.
Your maximum health is greatly increased.
Your equipment is partially melded.
You are immune to sickness and miasma.
You are immune to poison.
Your flesh is very heat resistant. (rF++)
You are vulnerable to cold. (rC-)
You float through the air rather than walking.
You learn spells naturally, not from books.
Your magical power is your life essence.
You have superior vitality. (+4 MHP)


Message History

Confirm with . or Enter, or press ? or * to list all spells.
You erupt in a fountain of uncontrolled magic!
The bag of meat is blasted with magical radiation!!!
The bag of meat is lightly wounded.
The bag of meat twists and deforms.
You are very lightly contaminated with residual magic.
You hear a shout! x6
A bag of meat comes into view. It is wielding a +9 war axe.
You hear a shout!
A bag of meat comes into view. It is wielding a +9 war axe.
The bag of meat hits you with a +9 war axe!
You hear a shout! x2
The bag of meat moves out of view.
You hear a shout! x2
Unknown command.
Casting: Irradiate (mildly dangerous; 1% risk of failure)
Confirm with . or Enter, or press ? or * to list all spells.
You erupt in a fountain of uncontrolled magic!
The bag of meat is blasted with magical radiation!!
The bag of meat is lightly wounded.
The bag of meat twists and deforms.
The bag of meat is blasted with magical radiation!!!
The bag of meat is moderately wounded.
The bag of meat twists and deforms.
The bag of meat is blasted with magical radiation!!
The bag of meat is lightly wounded.
The bag of meat twists and deforms.
The bag of meat shouts!
You hear a shout! x7
The bag of meat hits you with a +9 war axe.
* * * LOW HITPOINT WARNING * * *
You hear a shout! x3
A bag of meat comes into view. It is wielding a +9 war axe.
The bag of meat hits you with a +9 war axe!
* * * LOW HITPOINT WARNING * * *
A bag of meat comes into view. It is wielding a +9 war axe.
You hear a shout!
The bag of meat hits you with a +9 war axe!
* * * LOW HITPOINT WARNING * * *
The bag of meat hits you with a +9 war axe!!
You die...

.. .. .. .. #.
.# #.. ..#
.###.. ..###o
......###.....o
......._.......
....#..)..#....
. #_o8O_# .
#.ooo.#
....._.....
....oo###......
.###.o ..###.
#.o ..# #.. ..#
.. ..


You could see a meat berserker (berserk) and 10 bags of meat.

Vanquished Creatures
  2 ogres (D)
  5 orcs (D)
7 creatures vanquished.

Notes
Turn   | Place    | Note
-------+----------+-------------------------------------------
     0 | D        | Found the +∞ Axe of Woe
     0 | D        | Zeld the Djinni Monk began the quest for the Orb.
     0 | D        | Reached XP level 1. HP: 20/20 MP: 0/0
     2 | D        | Noticed a bag of meat
     2 | D        | Noticed a bag of meat
     4 | D        | Became a worshipper of Makhleb the Destroyer
     4 | D        | Reached * piety under Makhleb
     4 | D        | Reached ** piety under Makhleb
     4 | D        | Noticed a bag of meat
     5 | D        | Noticed a bag of meat
     5 | D        | Noticed a bag of meat
     5 | D        | Noticed a meat berserker
     7 | D        | Killed a bag of meat
     7 | D        | Noticed a bag of meat
     8 | D        | Reached skill level 14 in Dodging
     8 | D        | Reached XP level 2. HP: 40/40 MP: 0/0
     8 | D        | Reached XP level 3. HP: 45/45 MP: 0/0
     8 | D        | Learned a level 1 spell: Foxfire
     8 | D        | Reached XP level 4. HP: 51/51 MP: 0/0
     8 | D        | Reached XP level 5. HP: 57/57 MP: 0/0
     8 | D        | Learned a level 2 spell: Wereblood
     8 | D        | Reached XP level 6. HP: 63/63 MP: 0/0
     8 | D        | Reached XP level 7. HP: 68/68 MP: 0/0
     8 | D        | Learned a level 2 spell: Passwall
     8 | D        | Reached XP level 8. HP: 75/75 MP: 0/0
     8 | D        | Reached XP level 9. HP: 80/80 MP: 0/0
     8 | D        | Learned a level 4 spell: Animate Dead
     8 | D        | Reached XP level 10. HP: 86/86 MP: 0/0
     8 | D        | Reached XP level 11. HP: 92/92 MP: 0/0
     8 | D        | Learned a level 4 spell: Sticky Flame
     9 | D        | Killed a bag of meat
     9 | D        | Killed a bag of meat
     9 | D        | Noticed a meat berserker
     9 | D        | Noticed a bag of meat
    10 | D        | Reached skill level 17 in Dodging
    10 | D        | Reached XP level 12. HP: 53/104 MP: 0/0
    10 | D        | Reached XP level 13. HP: 57/111 MP: 0/0
    10 | D        | Learned a level 5 spell: Irradiate
    10 | D        | Killed a meat berserker
    10 | D        | Reached *** piety under Makhleb
    10 | D        | Killed a bag of meat
    10 | D        | Noticed a bag of meat
    10 | D        | Noticed a bag of meat
    10 | D        | Noticed a bag of meat
    11 | D        | Reached skill level 20 in Dodging
    11 | D        | Reached XP level 14. HP: 19/123 MP: 0/0
    11 | D        | Killed a bag of meat
    11 | D        | Killed a meat berserker
    11 | D        | Reached **** piety under Makhleb
    12 | D        | Reached skill level 15 in Axes
    12 | D        | Reached skill level 22 in Dodging
    12 | D        | Reached XP level 15. HP: 59/132 MP: 0/0
    12 | D        | Learned a level 6 spell: Statue Form
    13 | D        | Noticed a meat berserker
    15 | D        | Slain by a bag of meat

Illustrated notes

Levels and vault maps discovered:
D:        meatsprint

Skill      XL: |  1  2  3  4  5  6  7  8  9 10 11 12 13 14 |
---------------+-------------------------------------------+-----
Fighting       | 13 16 19 20 | 20.7
Axes           | 9 11 13 15 | 15.1
Dodging        | 14 17 20 22 | 22.3
Spellcasting   | 8 11 12 14 | 14.4
Invocations    | 11 14 16 18 | 18.2
Stealth        | |  1.5
Unarmed Combat | |  3.0

Action                   |  1- 3 |  4- 6 |  7- 9 | 10-12 | 13-15 || total
-------------------------+-------+-------+-------+-------+-------++-------
Melee: Executioner's axe |     1 |       |       |     1 |     2 ||     4
 Cast: Sticky Flame      |       |       |       |     1 |       ||     1
       Irradiate         |       |       |       |       |     2 ||     2
       Statue Form       |       |       |       |       |     1 ||     1
